 Dungeon Crawl Stone Soup version 0.24-a0-335-g06ca16a (webtiles) character file.

Game seed: 16921118876468512833

18073 Borgoz the Carver (level 12, -9/102 HPs)
             Began as a Hill Orc Gladiator on May 18, 2019.
             Was a Priest of Ashenzari.
             Engulfed by an ice statue's freezing vapour (27 damage)
             ... in an ice cave.
             The game lasted 00:30:11 (15021 turns).

Borgoz the Carver (Hill Orc Gladiator)             Turns: 15021, Time: 00:30:12

Health: -9/102     AC: 10    Str: 18    XL:     12   Next: 54%
Magic:  15/15      EV: 20    Int:  8    God:    Ashenzari [***...]
Gold:   666        SH:  0    Dex: 22    Spells: 11/11 levels left

rFire    x . .     SeeInvis +   a - +0 great sword (elec) (curse)
rCold    . . .     Gourm    .   (shield currently unavailable)
rNeg     . . .     Faith    .   R - +2 troll leather armour
rPois    +         Spirit   .   q - +0 helmet
rElec    .         Reflect  .   (no cloak)
rCorr    +         Harm     .   (no gloves)
MR       .....                  w - +0 pair of boots
Stlth    ++........             (no amulet)
HPRegen  0.67/turn              U - +6 ring of slaying
MPRegen  0.14/turn              S - ring "Figoej" {+Fly rPois rF- rCorr Dex+6} (curse)

@: no status effects
A: no striking features
a: Curse Item, Scrying, Renounce Religion, Evoke Flight


You were in an ice cave.
You worshipped Ashenzari.
Ashenzari was most pleased with you.
You were not hungry.

You visited 2 branches of the dungeon, and saw 13 of its levels.
You also visited: Sewer, Ossuary and Ice Cave.

You collected 1006 gold pieces.
You spent 340 gold pieces at shops.

Inventory:

Hand Weapons
 a - a cursed +0 great sword of electrocution (weapon)
 b - a +0 dagger of venom
 j - the +8 glaive of the Guard {elec, +Rage AC+5 SInv}
   (You found it on level 9 of the Dungeon)

   Occasionally, upon striking a foe, it will discharge some electrical energy
   and cause terrible harm.
   It affects your AC (+5).
   It lets you see invisible.
   It lets you go berserk.
 o - a +4 dagger
 E - the +3 hunting sling "Taruod" {venom, Str+2}
   (You found it on level 6 of the Dungeon)

   It poisons the ammo it fires.
   It affects your strength (+2).
Armour
 q - a +0 helmet (worn)
 w - a +0 pair of boots (worn)
 z - a +0 plate armour
 R - a +2 troll leather armour (worn)
Jewellery
 x - a +2 ring of protection
 D - an uncursed ring of protection from fire
 K - an uncursed ring of fire
 O - an uncursed ring of positive energy
 S - the cursed ring "Figoej" (right hand) {+Fly rPois rF- rCorr Dex+6}
   (You found it on level 9 of the Dungeon)

   [ring of resist corrosion]

   It affects your dexterity (+6).
   It makes you vulnerable to fire.
   It protects you from poison.
   It lets you fly.
   It provides partial protection from all sources of acid and corrosion.
   It has a curse placed upon it.
 U - a +6 ring of slaying (left hand)
Wands
 y - a wand of disintegration (44)
 C - a wand of flame (17)
 P - a wand of enslavement (9)
 Q - a wand of digging (6)
Scrolls
 e - 5 scrolls of teleportation
 h - 4 scrolls of remove curse
 n - a scroll of blinking
 r - 5 scrolls of magic mapping
 s - 2 scrolls of fog
 u - 3 scrolls of fear
Potions
 d - 2 potions of magic
 i - 4 potions of curing
 k - 2 potions of resistance
 m - 8 potions of flight
 p - 2 potions of lignification
 t - 3 potions of agility
 G - 2 potions of haste
 J - a potion of berserk rage
 L - a potion of brilliance
 M - 2 potions of might
 V - a potion of invisibility {unknown}
 Y - a potion of ambrosia
Comestibles
 f - 17 rations


   Skills:
 * Level 8.2 Fighting
 + Level 13.8(17.1) Long Blades
 - Level 1.7 Throwing
 + Level 10.4 Armour
 * Level 8.8 Dodging
 + Level 4.1 Evocations


You had 11 spell levels left.
You didn't know any spells.
Your spell library contained the following spells:

 Spells                   Type           Power        Failure   Level  Hunger
 Confusing Touch          Hex            #.....       45%         1    ##.....
 Sandblast                Erth           #.....       45%         1    ##.....
 Passwall                 Tmut/Erth      #.......     58%         2    ###....
 Confuse                  Hex            #.......     83%         3    ####...
 Gell's Gravitas          Tloc           #.........   83%         3    ####...
 Stone Arrow              Conj/Erth      #.....       83%         3    ####...
 Petrify                  Tmut/Erth      #.......     99%         4    #####..
 Lee's Rapid Deconstruct  Erth           #.........   100%        5    ######.
 Metabolic Englaciation   Hex/Ice        #.........   100%        5    ######.
 Yara's Violent Unravell  Hex/Tmut       #.........   100%        5    ######.


Dungeon Overview and Level Annotations

Branches:
Dungeon (12/15)            Temple (1/1) D:5            Lair (0/6) D:10
    Orc (0/2) D:11

Altars:
Ashenzari
Cheibriados
Dithmenos
Elyvilon
Fedhas
Gozag
Hepliaklqana
Kikubaaqudgha
Makhleb
Nemelex Xobeh
Okawaru
Qazlal
Ru
Sif Muna
Trog
Uskayaw
Vehumet
Wu Jian
Xom
Yredelemnul
Zin
The Shining One

Shops:
D:9 *

Portals:
Trove: D:10 (give 17 potions of curing)

Annotations:
IceCv exclusion: ice statue


Message History

You are engulfed in freezing vapours.
* * * LOW HITPOINT WARNING * * *
You slash the ice statue!
The ice statue is severely damaged.
You are engulfed in freezing vapours.
* * * LOW HITPOINT WARNING * * *
You feel much better.
The ice statue gestures.
You hit the ice statue.
The ice statue is almost destroyed.
You slash the ice statue!
The ice statue is almost destroyed.
The ice statue gestures at you. The freezing blast engulfs you!
* * * LOW HITPOINT WARNING * * *
You feel much better.
You are engulfed in freezing vapours.
* * * LOW HITPOINT WARNING * * *
The ice statue glitters chillingly in the dim dungeon light.
You are engulfed in freezing vapours.
You die... #$.......?# #[.......?# .........* ....... * ....., * uYY{

* ###8###
##.○§..##
##..@§☼..##
#..☼.§☼...#
#.........#
#.........#
#.........#
#.........#
#####.#####
#[[.....))#
#........)#


You could see an ice statue and 2 ice beasts.

Vanquished Creatures
  Snorg (D:10)
  A vault guard (D:10)
  A two-headed ogre (D:11)
  A tengu warrior (D:9)
  An ugly thing (IceCv)
  An oklob plant (D:10)
  A manticore (D:12)
  A cyclops (D:11)
  2 ice statues (IceCv)
  Joseph (D:7)
  2 gargoyles (D:11)
  2 rime drakes (D:12)
  2 trolls
  3 slime creatures (D:12)
  A meliai zombie (D:12)
  4 hippogriffs
  7 yaks (D:11)
  2 wyverns
  A hungry ghost (D:5)
  A steam dragon (D:10)
  A water moccasin (D:9)
  An acid dragon (D:11)
  2 phantoms
  3 orc warriors
  7 ice beasts
  6 sky beasts
  2 black bears
  Purgy (Sewer)
  The ghost of mhoghedin the Shield-Bearer, an amateur DgFi (D:3)
  A necrophage (D:8)
  7 centaurs
  4 ogres
  A crocodile (D:11)
  12 bullfrogs
  2 big kobolds (D:8)
  A water moccasin skeleton (D:5)
  3 scorpions
  15 killer bees
  8 wights
  5 howler monkeys
  A bullfrog zombie (D:8)
  2 centaur zombies
  4 crimson imps
  5 quasits
  7 orc priests
  9 hounds
  3 jellies
  5 orc wizards
  5 iguanas
  Natasha (thrice) (D:4)
  12 worker ants
  A killer bee zombie (D:5)
  A big kobold zombie (Ossuary)
  2 hound zombies (D:11)
  A hound skeleton (D:4)
  8 mummies (Ossuary)
  A worker ant zombie (D:7)
  A gnoll (D:1)
  A howler monkey skeleton (D:4)
  14 adders
  15 river rats
  3 shadow imps
  2 oozes
  3 worms
  2 adder skeletons (D:4)
  A dart slug (D:3)
  6 leopard geckos
  39 orcs
  7 bats
  11 giant cockroaches
  3 gnoll zombies (Ossuary)
  3 goblins
  5 hobgoblins
  23 jackals
  3 quokkas
  5 ball pythons
  13 frilled lizards
  14 kobolds
  3 kobold zombies (Ossuary)
  An orc zombie (Ossuary)
  A quokka zombie (D:6)
  14 rats
  7 plants (D:10)
389 creatures vanquished.

Vanquished Creatures (collateral kills)
  A slime creature (D:12)
  A killer bee (D:12)
2 creatures vanquished.

Vanquished Creatures (others)
  2 plants (D:10)
2 creatures vanquished.

Grand Total: 393 creatures vanquished

Notes
Turn   | Place    | Note
-------+----------+-------------------------------------------
     0 | D:1      | Borgoz the Hill Orc Gladiator began the quest for the Orb.
     0 | D:1      | Reached XP level 1. HP: 18/18 MP: 1/1
   105 | D:1      | Reached XP level 2. HP: 20/25 MP: 2/2
   242 | D:1      | Reached skill level 1 in Armour
   386 | D:1      | Reached XP level 3. HP: 30/30 MP: 3/3
   951 | D:2      | Reached skill level 4 in Long Blades
  1282 | D:2      | Found a faded altar of an unknown god.
  1470 | D:3      | Found a transporter.
  1475 | D:3      | Noticed mhoghedin's ghost (amateur DgFi)
  1491 | D:3      | Reached XP level 4. HP: 27/38 MP: 4/4
  1697 | D:3      | Reached XP level 5. HP: 16/45 MP: 5/5
  1760 | D:3      | Found a glowing drain.
  1764 | Sewer    | Entered a sewer
  2068 | Sewer    | Noticed Purgy
  2082 | Sewer    | Killed Purgy
  2082 | Sewer    | Reached skill level 5 in Long Blades
  2082 | Sewer    | Reached XP level 6. HP: 29/51 MP: 6/6
  2381 | D:3      | Found a blossoming altar of Fedhas.
  2684 | D:3      | Found a shimmering altar of Xom.
  2975 | D:3      | Found an ornate altar of the Wu Jian Council.
  3020 | D:3      | Found a transporter.
  3673 | D:4      | Found a shattered altar of Ashenzari.
  3675 | D:4      | Noticed Natasha
  3679 | D:4      | Became a worshipper of Ashenzari the Shackled
  3714 | D:4      | Killed Natasha
  3714 | D:4      | Reached skill level 6 in Long Blades
  3773 | D:4      | Reached XP level 7. HP: 55/57 MP: 7/7
  3797 | D:4      | Noticed Natasha
  3806 | D:4      | Killed Natasha
  3876 | D:4      | Noticed Natasha
  3881 | D:4      | Killed Natasha
  4120 | D:4      | Found an opulent altar of Gozag.
  4166 | D:4      | Found a burning altar of Makhleb.
  4363 | D:5      | Entered Level 5 of the Dungeon
  4387 | D:5      | Found a hazy altar of Hepliaklqana.
  4409 | D:5      | Reached skill level 7 in Long Blades
  4761 | D:5      | Reached XP level 8. HP: 48/63 MP: 8/8
  5117 | D:5      | Found a staircase to the Ecumenical Temple.
  5151 | D:5      | Reached skill level 8 in Long Blades
  5151 | D:5      | Reached skill level 5 in Armour
  5161 | Temple   | Entered the Ecumenical Temple
  5404 | D:6      | Found a hide-covered altar of Uskayaw.
  5698 | D:6      | Got the hunting sling "Taruod" {venom, Str+2}
  5886 | D:6      | Reached skill level 5 in Dodging
  6288 | D:6      | Reached skill level 9 in Long Blades
  6315 | D:6      | Reached * piety under Ashenzari
  6420 | D:6      | Found an iron altar of Okawaru.
  6421 | D:6      | Found a bloodstained altar of Trog.
  6508 | D:7      | Reached XP level 9. HP: 29/70 MP: 9/9
  7154 | D:7      | Noticed Joseph
  7185 | D:7      | Killed Joseph
  7185 | D:7      | Reached skill level 10 in Long Blades
  7189 | D:7      | HP: 2/70 [hound (4)]
  8029 | D:7      | Found a sparkling altar of Nemelex Xobeh.
  8368 | D:8      | Found a sand-covered staircase.
  8405 | Ossuary  | Entered an ossuary
  8654 | Ossuary  | Reached XP level 10. HP: 39/77 MP: 10/10
  8873 | Ossuary  | Reached skill level 11 in Long Blades
  9312 | D:8      | Identified the +3 hunting sling "Taruod" {venom, Str+2}
                  | (You found it on level 6 of the Dungeon)
  9389 | D:8      | Reached ** piety under Ashenzari
 10185 | D:3      | Killed mhoghedin's ghost
 10763 | D:9      | Found a deep blue altar of Sif Muna.
 10766 | D:9      | Reached skill level 12 in Long Blades
 11175 | D:9      | Noticed a tengu warrior
 11191 | D:9      | Killed a tengu warrior
 11199 | D:9      | Reached XP level 11. HP: 33/82 MP: 11/11
 11294 | D:9      | Found the +8 glaive of the Guard {elec, +Rage AC+5 SInv}
 11318 | D:9      | Identified the ring "Figoej" {+Fly rPois rF- rCorr Dex+6}
 11389 | D:9      | Found Zireix's General Store.
 11397 | D:9      | Bought a scroll of brand weapon for 340 gold pieces
 11807 | D:10     | Entered Level 10 of the Dungeon
 11858 | D:10     | Noticed Snorg
 11875 | D:10     | Killed Snorg
 11875 | D:10     | Reached skill level 13 in Long Blades
 12204 | D:10     | Noticed a vault guard
 12220 | D:10     | Killed a vault guard
 12220 | D:10     | Reached skill level 1 in Evocations
 12241 | D:10     | Found a portal to a secret trove of treasure.
 12269 | D:10     | Noticed an oklob plant
 12285 | D:10     | Found a staircase to the Lair.
 12298 | D:10     | Killed an oklob plant
 12998 | D:11     | Reached skill level 5 in Fighting
 13029 | D:11     | Found a staircase to the Orcish Mines.
 13320 | D:11     | Noticed a cyclops
 13330 | D:11     | Killed a cyclops
 13569 | D:11     | Noticed a two-headed ogre
 13577 | D:11     | Killed a two-headed ogre
 13878 | D:11     | Reached *** piety under Ashenzari
 13900 | D:11     | Reached XP level 12. HP: 77/97 MP: 14/14
 13907 | D:11     | Reached skill level 10 in Armour
 14256 | D:11     | Noticed a storm dragon
 14257 | D:11     | Noticed an ettin
 14423 | D:12     | HP: 5/100 [rime drake/flash freeze (19)]
 14467 | D:12     | Found a frozen archway.
 14523 | IceCv    | Entered an ice cave
 15021 | IceCv    | Engulfed by an ice statue's freezing vapour

Levels and vault maps discovered:
D:1:      saegor_arrival_simple_d, layout_basic, minmay_misc_feat_rugged,
          minmay_lizard_pond
D:2:      layout_loops_ring, chequers_ecumenical_altar_simple_redux
D:3:      layout_basic, lemuel_doored_altar, nicolae_overflow_hidden_temple,
          gup_sewer_entry_spiral, gammafunk_ghost_stat_death
D:4:      layout_cave_pools, kennysheep_mini, nicolae_overflow_crystal_walls,
          nicolae_ashenzari_panopticon, first_ration, uniq_natasha
D:5:      layout_rooms, old_standard_altar, minmay_temple_entry_poolview
D:6:      layout_loops_cross, grunt_temple_overflow_bloody_war,
          overflow_temple_1_default, chequers_serial_rivers_micro_d
D:7:      layout_basic, lemuel_round_altar, grunt_ogre_cave, uniq_joseph
D:8:      layout_basic, nicolae_ossuary_entry_monument, grunt_ministairs_10
D:9:      layout_basic, old_standard_altar, serial_shops, shop,
          minmay_pinched_square
D:10:     layout_loops_corners, dpeg_oklobed_lair, enter_trove_5,
          dk_rats_in_the_wall, uniq_snorg
D:11:     minmay_the_grid_plus_closed [minmay_the_grid_plusring,
          minmay_the_grid_zigzags, minmay_the_grid_diamond_grid,
          minmay_the_grid_outer_circle, minmay_the_grid_prize_diamond_cup],
          layout_stronghold
D:12:     layout_long_grid, portal_ice_cave_rime, uniq_psyche
Temple:   eino_temple_lava
IceCv:    ice_cave_statue_garden_chambered

Skill      XL: |  1  2  3  4  5  6  7  8  9 10 11 12 |
---------------+-------------------------------------+-----
Armour         | 1 2 3 4 5 7 8 9 10 | 10.4
Long Blades    | 4 5 6 7 9 10 12 13 | 13.8
Fighting       | 3 6 8 |  8.2
Dodging        | 3 4 5 6 7 8 |  8.8
Evocations     | 3 4 |  4.1
Throwing       | |  1.7

Action                   |  1- 3 |  4- 6 |  7- 9 | 10-12 || total
-------------------------+-------+-------+-------+-------++-------
Melee: Long sword        |   168 |   241 |   545 |   242 ||  1196
       Dagger            |       |       |    16 |       ||    16
       Great sword       |       |       |    78 |   448 ||   526
Throw: Throwing net      |       |     3 |     6 |       ||     9
Invok: Curse Item        |       |       |       |     2 ||     2
Evoke: Wand              |       |       |     9 |    11 ||    20
  Use: Scroll            |     9 |     1 |     3 |    17 ||    30
       Potion            |     3 |     2 |     3 |     8 ||    16
 Stab: Held in net/web   |       |     1 |     1 |       ||     2
       Paralysed         |       |       |    13 |     9 ||    22
       Sleeping          |       |       |       |     3 ||     3
       Distracted        |       |       |       |     1 ||     1
  Eat: Ration            |     1 |       |     2 |     2 ||     5
       Chunk             |       |     7 |    18 |    17 ||    42
Armor: Leather armour    |    35 |       |       |       ||    35
       Chain mail        |    73 |   189 |   342 |    45 ||   649
       Skin              |       |       |    31 |     8 ||    39
       Plate armour      |       |       |       |   256 ||   256
       Troll leather arm |       |       |       |    32 ||    32
Dodge: Dodged            |   114 |   116 |   353 |   430 ||  1013
       Rpst.: Long sword |    33 |    36 |    92 |    33 ||   194
       Great sword       |       |       |    10 |    92 ||   102

Table legend:
 A = Non-vault XP
 B = Vault XP
 C = Vault XP percentage of total XP
 D = Non-vault monster count
 E = Vault monster count
 F = Vault count percentage of total count
                 A         B        C        D         E       F
            +---------+---------+-------+---------+---------+-------
      Total |   16348 |    9471 |  36.7 |     276 |     108 |  28.1
            +---------+---------+-------+---------+---------+-------
        D:1 |      36 |       6 |  14.3 |      15 |       6 |  28.6
        D:2 |      31 |       0 |   0.0 |       9 |       0 |   0.0
        D:3 |     177 |     298 |  62.7 |      29 |      12 |  29.3
        D:4 |     422 |      35 |   7.7 |      28 |       1 |   3.4
        D:5 |     814 |       0 |   0.0 |      27 |       0 |   0.0
        D:6 |     526 |       3 |   0.6 |      20 |       1 |   4.8
        D:7 |     897 |     576 |  39.1 |      15 |       2 |  11.8
        D:8 |    1754 |     168 |   8.7 |      31 |       5 |  13.9
        D:9 |    2231 |    1701 |  43.3 |      29 |      14 |  32.6
       D:10 |    1351 |    2823 |  67.6 |      28 |      24 |  46.2
       D:11 |    5147 |     518 |   9.1 |      31 |       8 |  20.5
       D:12 |    2962 |     773 |  20.7 |      14 |       2 |  12.5
      Sewer |       0 |     158 | 100.0 |       0 |       8 | 100.0
    Ossuary |       0 |     178 | 100.0 |       0 |      16 | 100.0
      IceCv |       0 |    2234 | 100.0 |       0 |       9 | 100.0
            +---------+---------+-------+---------+---------+-------
